 Dungeon Crawl Stone Soup version 0.19.1-1-g22dce08 (webtiles) character file.

256 Megalobster the Firebug (level 5, -1/31 HPs)
             Began as a High Elf Fire Elementalist on Jan 12, 2017.
             Slain by Edmund
             ... wielding a +0 dire flail of draining
              (13 damage)
             ... on level 3 of the Dungeon.
             The game lasted 00:25:13 (4671 turns).

Megalobster the Firebug (HEFE)                      Turns: 4671, Time: 00:25:13

Health: -1/31      AC:  3    Str:  7    XL:     5   Next: 92%
Magic:  5/12       EV: 12    Int: 19    God:
Gold:   189        SH:  0    Dex: 16    Spells: 4 memorised, 3 levels left

rFire  . . .     SeeInvis .     v - +4 quarterstaff (chaos)
rCold  . . .     Gourm    .     h - +0 robe
rNeg   . . .     Faith    .     (shield currently unavailable)
rPois  .         Spirit   .     (no helmet)
rElec  .         Reflect  .     k - +0 cloak
rCorr  .         Harm     .     (no gloves)
MR     .....                    (no boots)
Stlth  ++........               e - amulet of rage
                                (no ring)
                                (no ring)

@: heavily drained
A: no striking features
a: Evoke Berserk Rage


You were on level 3 of the Dungeon.
You were not hungry.

You visited 1 branch of the dungeon, and saw 4 of its levels.

You collected 189 gold pieces.

Inventory:

Hand Weapons
 v - a +4 quarterstaff of chaos (weapon)
Missiles
 u - 29 stones (quivered)
Armour
 h - a +0 robe (worn)
 k - a +0 cloak (worn)
Jewellery
 e - an amulet of rage (around neck)
Scrolls
 a - a scroll of amnesia {unknown}
 f - a scroll of fear {unknown}
 i - 4 scrolls of identify {unknown}
 p - 4 scrolls of teleportation {unknown}
 r - 2 scrolls of remove curse {unknown}
Potions
 d - a potion of invisibility {unknown}
 g - a potion of agility {unknown}
 j - 2 potions of heal wounds {unknown}
 l - a potion of cure mutation {unknown}
 q - a potion of cancellation {unknown}
 s - 3 potions of curing {unknown}
 t - a potion of mutation {unknown}
 x - a potion of haste {unknown}
 z - a potion of resistance {unknown}
 A - a potion of magic {unknown}
Books
 b - a book of Flames

   Spells                             Type                      Level
   a - Flame Tongue                   Conjuration/Fire             1
   b - Throw Flame                    Conjuration/Fire             2
   c - Conjure Flame                  Conjuration/Fire             3
   d - Inner Flame                    Hexes/Fire                   3
   e - Sticky Flame                   Conjuration/Fire             4
   f - Fireball                       Conjuration/Fire             5
Comestibles
 c - 2 bread rations
 n - 3 meat rations
 o - 2 beef jerkies
 w - a slice of pizza


   Skills:
 + Level 2.9(1.6) Dodging
 - Level 2.1(0.9) Stealth
 + Level 4.0(2.6) Spellcasting
 * Level 3.7(2.4) Conjurations
 * Level 4.5(3.1) Fire Magic


You had 3 spell levels left.
You knew the following spells:

 Your Spells              Type           Power        Failure   Level  Hunger
a - Flame Tongue          Conj/Fire      ##...        8%          1    None
b - Throw Flame           Conj/Fire      ##....       10%         2    ##.....
c - Conjure Flame         Conj/Fire      ##......     17%         3    ###....
d - Inner Flame           Hex/Fire       #.......     28%         3    ###....


Dungeon Overview and Level Annotations

Branches:
Dungeon (4/15)
 Temple: D:4-7

Altars:
Uskayaw

Annotations:
D:3 Edmund


Message History

You climb upwards.
There is a stone staircase leading down here.
Edmund says, "You wouldn't believe how much I paid for this flail."
Edmund mutters, "Who needs spells, anyway?"
Edmund says, "You wouldn't believe how much I paid for this flail."
Edmund says, "Everyone always remembers my brother. 'Who's Edmund?' they ask!"
There is an open door here.
A leopard gecko comes into view.
Edmund says, "I'm quite good with sums, too."
The leopard gecko hisses angrily.
Edmund hits you but does no damage.
You feel drained.
There is an open door here.
Casting: Flame Tongue
Confirm with . or Enter, or press ? or * to list all spells.
Aiming: Flame Tongue
Press: ? - help, Shift-Dir - straight line, f - Edmund
Aim: Edmund, wielding a dire flail of draining and wearing a ring mail (severely wounded)
The flame tongue misses Edmund.
Edmund hits you with a dire flail of draining!
You die...

#...........# #.#
#...........# #.#
#...........# #.#
#.......l...# #.#
#...........# #.#
#...........# #.#
#...........# #.#
#...........#########.#
#...........'l.@@.....#
#..........W###########
#..............#....#
#########'#.##.#.##.#
#.#.#..)[<#.#
#.#.#.....#o#
#.#.#.....#.#
#.#.#.....#.#
#.#.#.....#.#


You could see Edmund, Krapule's ghost (wandering) and a leopard gecko.

Vanquished Creatures
  Crazy Yiuf (D:2)
  An orc priest (D:3)
  Ijyb (D:3)
  An orc wizard (D:3)
  4 adders (D:2)
  An ooze (D:3)
  3 worms
  3 dart slugs
  3 leopard geckos
  10 orcs (D:3)
  2 ball pythons
  5 giant cockroaches
  10 goblins
  5 hobgoblins
  9 jackals
  5 bats
  5 frilled lizards
  7 kobolds
  5 rats
81 creatures vanquished.

Notes
Turn   | Place    | Note
-------+----------+-------------------------------------------
     0 | D:1      | Megalobster the High Elf Fire Elementalist began the quest for the Orb.
     0 | D:1      | Reached XP level 1. HP: 11/11 MP: 4/4
   576 | D:1      | Reached XP level 2. HP: 17/17 MP: 4/6
   837 | D:1      | Reached XP level 3. HP: 21/21 MP: 5/8
  1120 | D:1      | Learned a level 2 spell: Throw Flame
  1124 | D:1      | Learned a level 3 spell: Conjure Flame
  2277 | D:2      | Reached XP level 4. HP: 27/27 MP: 7/9
  2423 | D:2      | Found a runed door.
  2427 | D:2      | Noticed Crazy Yiuf
  2435 | D:2      | Killed Crazy Yiuf
  2458 | D:2      | Learned a level 3 spell: Inner Flame
  3221 | D:3      | Reached XP level 5. HP: 31/31 MP: 9/11
  3306 | D:3      | Noticed Ijyb
  3315 | D:3      | Killed Ijyb
  3331 | D:3      | Noticed a hand axe
  3394 | D:3      | Noticed a hand axe
  3395 | D:3      | Found a hide-covered altar of Uskayaw.
  4600 | D:4      | Noticed Edmund
  4627 | D:4      | Noticed an ogre
  4671 | D:3      | Slain by Edmund

Skill      XL: |  1  2  3  4  5 |
---------------+----------------+-----
Conjurations   | 2 3 |  3.7
Spellcasting   | 3 4 |  4.0
Fire Magic     | 4 |  4.5
Dodging        | |  2.9
Stealth        | |  2.1

Action                   |  1- 3 |  4- 6 || total
-------------------------+-------+-------++-------
Melee: Short sword       |    11 |       ||    11
       Quarterstaff      |       |     3 ||     3
 Cast: Flame Tongue      |    63 |    41 ||   104
       Throw Flame       |    13 |    45 ||    58
       Conjure Flame     |     3 |     5 ||     8
       Inner Flame       |       |     1 ||     1
  Eat: Chunk             |     5 |     9 ||    14
Armor: Robe              |    10 |     3 ||    13
Dodge: Dodged            |    30 |    16 ||    46
